 Dungeon Crawl Stone Soup version 0.17.2-1-ge4368a0 (webtiles) character file.

85 Goblin1989 the Bolt Thrower (level 4, -10/37 HPs)
             Began as a Minotaur Hunter on Sept 28, 2016.
             Mangled by a gnoll
             ... wielding a +0 halberd
              (12 damage)
             ... on level 2 of the Dungeon.
             The game lasted 00:07:39 (1652 turns).

Goblin1989 the Bolt Thrower (Minotaur Hunter)       Turns: 1652, Time: 00:07:39

Health: -10/37     AC:  6    Str: 17    XL:     4   Next: 25%
Magic:  3/3        EV: 11    Int:  8    God:
Gold:   127        SH:  0    Dex: 11    Spells: 0 memorised, 3 levels left

rFire  . . .     SeeInvis .     a - +1 hand crossbow
rCold  . . .     Clarity  .     l - +0 ring mail
rNeg   . . .     SustAt   .     (no shield)
rPois  .         Gourm    .     (helmet restricted)
rElec  .         Spirit   .     (no cloak)
rCorr  .         Warding  .     h - +0 pair of gloves
rMut   .         Stasis   .     (no boots)
MR     .....                    (no amulet)
Stlth  +.........               (no ring)
                                (no ring)

@: not resistant to hostile enchantments, very unstealthy
A: retaliatory headbutt, horns 2
a: no special abilities


You were on level 2 of the Dungeon.
You were not hungry.

You visited 1 branch of the dungeon, and saw 2 of its levels.

You collected 127 gold pieces.

Inventory:

Hand Weapons
 a - a +1 hand crossbow (weapon)
 b - a +0 mace
Missiles
 d - 20 bolts (quivered)
Armour
 h - a +0 pair of gloves (worn)
 l - a +0 ring mail (worn)
Scrolls
 c - 2 scrolls of recharging {unknown}
 f - 2 scrolls of random uselessness {unknown}
 i - a scroll of identify {unknown}
 k - 3 scrolls of remove curse {unknown}
 o - a scroll of noise {unknown}
 p - 2 scrolls of enchant armour {unknown}
 q - a scroll of enchant weapon {unknown}
Potions
 g - 2 potions of curing {unknown}
 j - 2 potions of heal wounds {unknown}
 m - a potion of degeneration {unknown}
 n - a potion of agility {unknown}


   Skills:
 - Level 2.4 Fighting
 + Level 3.9 Maces & Flails
 - Level 5.0 Crossbows
 - Level 2.1 Dodging
 - Level 0.7 Stealth


You had 3 spell levels left.
You didn't know any spells.

Dungeon Overview and Level Annotations

Branches:
Dungeon (2/15)

Altars:


Innate Abilities, Weirdness & Mutations

You reflexively headbutt those who attack you in melee.
You have a pair of horns on your head.


Message History

The gnoll hits you but does no damage. The gnoll barely misses you.
Firing (i - inventory):
d - 22 bolts (quivered)
Press: ? - help, Shift-Dir - straight line, f/p - gnoll
Aim: a gnoll, wielding a halberd (lightly wounded)
You shoot a bolt. The bolt hits the gnoll.
The gnoll is moderately wounded.
The gnoll hits you from afar with a spear.
* * * LOW HITPOINT WARNING * * *
The gnoll hits you from afar with a halberd.
* * * LOW HITPOINT WARNING * * *
The gnoll hits you from afar with a spear.
* * * LOW HITPOINT WARNING * * *
You are too injured to fight recklessly!
Firing (i - inventory):
d - 21 bolts (quivered)
Press: ? - help, Shift-Dir - straight line, f/p - gnoll
Aim: a gnoll, wielding a halberd (moderately wounded)
You shoot a bolt. The bolt barely misses the gnoll.
The bolt hits the gnoll.
The gnoll is lightly wounded.
The gnoll hits you from afar with a halberd!
You die...

ਜਜ...ਜਜਜਜ.........ਜਜਜਜ....ਜਜਜਜਜ
ਜ.......▲.........∆............
ਜਜਜਜ...ਜਜਜਜ.........ਜਜਜਜ....ਜਜਜਜਜ
ਜ........ਜਜਜ.......ਜਜ ਜਜ.ਜ.ਜ
ਜ..ਜ.ਜਜਜ.ਜ ਜਜ.....ਜਜਜਜਜਜਜਜਜ.ਜ
ਜ.ਜਜਜ.ਜਜ.ਜ ਜਜ..g......ਜ ਜ.ਜ
ਜ..ਜ.ਜਜਜ.ਜ ਜਜ.gਜਜਜਜਜ.ਜ ਜ.ਜ
ਜ.ਜ)ਜਜਜਜ.ਜ ਜ..ਜ ਜ.ਜ ਜ.ਜ
ਜ........ਜ ਜ.@ਜਜਜਜਜ.ਜਜਜਜ.ਜ
ਜਜਜ.ਜਜਜਜਜਜ ਜਜ.............ਜ ਜ.ਜ
ਜਜ...ਜ.ਜਜਜ.ਜਜਜਜਜਜ ਜ.ਜ
ਜ..........ਜ
ਜ.ਜਜਜਜਜਜਜਜਜਜ...ਜ.ਜਜਜ.ਜ
ਜ.........ਜਜਜ..ਜ.ਜ ਜ.ਜ
ਜਜਜਜਜਜਜਜਜ.ਜਜਜਜ.ਜ.ਜ ਜ.ਜ ਜ........ਜ
ਜ.ਜ ਜਜਜਜਜਜ.ਜਜਜਜਜ.ਜ


You could see 2 gnolls.

Vanquished Creatures
  Jessica (D:2)
  An adder (D:2)
  A gnoll (D:2)
  A worm (D:2)
  2 giant geckos (D:2)
  4 bats
  3 giant cockroaches
  3 goblins (D:1)
  2 hobgoblins (D:2)
  3 jackals (D:2)
  2 kobolds (D:1)
  3 quokkas (D:2)
  3 giant newts
  7 rats
36 creatures vanquished.

Notes
Turn   | Place    | Note
--------------------------------------------------------------
     0 | D:1      | Goblin1989 the Minotaur Hunter began the quest for the Orb.
     0 | D:1      | Reached XP level 1. HP: 18/18 MP: 0/0
     0 | D:1      | Noticed an octopode zombie
     0 | D:1      | Noticed a human zombie
     2 | D:1      | Noticed a centaur zombie
     2 | D:1      | Noticed a formicid zombie
     4 | D:1      | Noticed a minotaur zombie
     5 | D:1      | Noticed a troll zombie
     6 | D:1      | Noticed a draconian zombie
     8 | D:1      | Noticed a human zombie
    12 | D:1      | Noticed a minotaur zombie
    12 | D:1      | Noticed a draconian zombie
    14 | D:1      | Noticed a draconian zombie
    16 | D:1      | Noticed a human zombie
    16 | D:1      | Noticed a draconian zombie
    16 | D:1      | Noticed an elf zombie
    20 | D:1      | Noticed a spriggan zombie
   374 | D:1      | Reached XP level 2. HP: 25/25 MP: 1/1
   429 | D:1      | Reached skill level 5 in Crossbows
   713 | D:2      | Reached skill level 1 in Maces & Flails
   959 | D:2      | Reached XP level 3. HP: 28/30 MP: 2/2
  1177 | D:2      | Noticed Jessica
  1186 | D:2      | Killed Jessica
  1186 | D:2      | Reached XP level 4. HP: 37/37 MP: 3/3
  1643 | D:2      | HP: 1/37 [gnoll/spear (5)]
  1652 | D:2      | Mangled by a gnoll

Action                   |  1- 3 |  4- 6 || total
-------------------------+-------+-------++-------
Melee: Mace              |     4 |       ||     4
 Fire: Hand crossbow     |    90 |    26 ||   116
  Eat: Bread ration      |       |     1 ||     1

Vault maps used:
D:1:      shiori_arrival_whats_in_store_for_you
D:2:      minmay_misc_feat_chi, serial_park_tiny_1, kennysheep_jessica_study
